Construct Section Command Post
Construct Platoon Command Post
Selects Indian Artillery Battlegroup
6-pounder Anti-tank Gun Team
Unlock Bishop Self-propelled Artillery
Selects Gurkha Rifles Section
Bishop Self-propelled Artillery
Selects Artillery Saturation
Bishop Self-propelled Artillery
Construct Field Infirmary
Selects Off-map Airburst Barrage
Bishop Self-propelled Artillery
6-pounder Anti-tank Gun Team
Bishop Self-propelled Artillery
6-pounder Anti-tank Gun Team
Selects Volunteer Infantry
Construct Company Command Post
Selects BL5.5 Artillery Emplacement